Map: Dusty Gorge

Players

Faust - Winner!

  • Race: Zerg Zerg
  • League: Diamond
  • Spawn Location: 11:00

Throwfordays - Winner!

  • Race: Protoss Protoss
  • League: Silver
  • Spawn Location: 9:00

klasman

  • Race: Protoss Protoss
  • League: Diamond
  • Spawn Location: 5:00

patron

  • Race: Protoss Protoss
  • League: Gold
  • Spawn Location: 3:00

VOD

Have the link to the VOD?

Description

Time

  • Played on: Feb. 28, 2019, 3:36 p.m.
  • Length: 15:06
Show
View Real Time Build Order
Export as new Build Order

Faust Zerg - Winner!

Build Orders: Pool First, Lurkers 

Get SALT Encoding   

  12  0:01  Drone  
  13  0:08  Drone  
  14  0:15  Extractor  
  14  0:16  Drone  
  15  0:23  Overlord  
  15  0:42  Drone x2  
  17  0:47  Spawning Pool  
  16  0:51  Drone  
  17  1:16  Hatchery  
  17  1:18  Drone  
  17  1:21  Extractor  
  17  1:23  Drone  
  17  1:33  Drone  
  17  1:34  Zergling x2  
  19  1:48  Zergling x2  
  19  1:53  Overlord  
  20  2:10  Drone  
  20  2:13  Drone  
  20  2:14  Queen  
  24  2:26  Drone  
  24  2:29  Drone  
  26  2:34  Metabolic Boost  
  26  2:35  Queen  
  28  2:38  Overlord  
  28  2:48  Drone  
  28  2:50  Drone x2  
  31  2:57  Drone  
  32  3:04  Drone  
  33  3:17  Drone  
  33  3:18  Drone x2  
  36  3:22  Lair  
  35  3:36  Drone x3  
  35  3:37  Drone x2  
  40  3:41  Overlord  
  40  3:47  Drone  
  41  3:49  Drone  
  41  3:50  Drone  
  41  3:52  Overlord  
  41  3:53  Hatchery, Overlord  
  42  4:05  Extractor  
  42  4:08  Drone x3  
  44  4:16  Spore Crawler  
  43  4:18  Spore Crawler  
  43  4:22  Extractor  
  41  4:25  Extractor  
  41  4:28  Drone x3  
  41  4:29  Drone  
  41  4:30  Drone x2  
  41  4:31  Overlord  
  46  4:40  Nydus Network  
  46  4:44  Infestation Pit  
  44  4:59  Drone  
  45  5:00  Drone x4, Hydralisk Den  
  45  5:06  Queen, Drone x4  
  54  5:09  Drone  
  55  5:14  Drone  
  55  5:20  Swarm Host  
  65  5:26  Swarm Host  
  71  5:29  Overlord x2  
  71  5:35  Drone x4  
  74  5:38  Drone  
  74  5:39  Drone  
  77  5:53  Muscular Augments  
  86  6:05  Evolution Chamber  
  86  6:06  Drone x2, Evolution Chamber  
  86  6:15  Spore Crawler  
  85  6:21  Hydralisk  
  85  6:22  Hydralisk x5  
  85  6:23  Overlord  
  85  6:24  Overlord x2  
  97  6:33  Zerg Missile Weapons Level 1  
  97  6:37  Nydus Canal  
  97  6:41  Overlord x4  
  97  6:44  Drone x4  
  101  6:49  Extractor  
  101  6:50  Extractor, Overlord  
  98  7:20  Drone x4  
  98  7:21  Drone x2  
  104  7:27  Overlord  
  104  7:32  Hydralisk x6  
  116  7:38  Zerg Ground Armor Level 1  
  116  7:39  Lurker Den  
  115  7:44  Hive  
  115  8:01  Pneumatized Carapace  
  115  8:02  Overlord x2  
  115  8:04  Hydralisk x2  
  115  8:05  Hydralisk x2  
  123  8:09  Drone x2  
  123  8:12  Grooved Spines  
  125  8:18  Overseer  
  125  8:22  Overseer  
  125  8:31  Nydus Canal  
  125  8:53  Spore Crawler  
  125  8:55  Spore Crawler  
  123  9:11  Hydralisk x14  
  123  9:12  Hydralisk x3  
  157  9:25  Nydus Canal  
  157  9:38  Zerg Ground Armor Level 2, Zerg Missile Weapons Level 2  
  157  9:43  Hydralisk x2  
  161  9:50  Overlord x3  
  161  10:02  Hydralisk  
  161  10:03  Hydralisk x5  
  173  10:09  Baneling Nest  
  172  10:16  Spine Crawler  
  172  10:19  Spine Crawler  
  170  10:23  Lurker x3  
  173  10:35  Overlord x2  
  173  10:41  Lurker x2  
  159  11:21  Hydralisk x2  
  159  11:22  Hydralisk x13  
  161  11:43  Lurker x3  
  161  11:45  Hydralisk  
  118  12:16  Hydralisk  
  118  12:17  Hydralisk x13  
  146  12:41  Lurker x4  
  146  12:43  Lurker  
  149  12:44  Drone  
  149  12:45  Drone x4  
  149  12:47  Hatchery  
  153  12:54  Nydus Canal  
  153  13:29  Burrow  
  129  14:19  Drone x8  
  129  14:20  Drone x4  
  129  14:21  Drone x4  
  129  14:23  Queen  
Show
View Real Time Build Order
Export as new Build Order

Throwfordays Protoss - Winner!

Build Orders: Double Forge, Nexus First 

Get SALT Encoding   

  12  0:00  Probe  
  13  0:13  Probe  
  14  0:24  Pylon  
  14  0:25  Probe  
  15  0:42  Probe  
  16  1:00  Nexus  
  16  1:13  Gateway  
  16  1:32  Probe  
  17  1:34  Assimilator, Gateway  
  17  1:44  Probe  
  18  1:49  Pylon  
  18  1:56  Probe  
  19  2:04  Cybernetics Core  
  19  2:07  Zealot  
  21  2:09  Probe  
  22  2:18  Assimilator  
  22  2:20  Warp Gate  
  22  2:25  Probe  
  22  2:27  Probe  
  24  2:33  Probe  
  24  2:39  Probe  
  24  2:43  Probe  
  26  2:51  Probe  
  28  2:55  Probe  
  29  3:02  Probe  
  30  3:06  Probe  
  30  3:10  Probe  
  31  3:14  Probe  
  31  3:18  Probe  
  33  3:22  Pylon, Probe  
  35  3:29  Probe  
  35  3:30  Forge  
  35  3:34  Probe  
  36  3:36  Pylon  
  37  3:41  Probe  
  37  3:42  Forge  
  37  3:46  Probe  
  39  3:52  Stalker x2  
  43  3:58  Probe  
  43  4:00  Assimilator  
  43  4:02  Assimilator  
  44  4:07  Photon Cannon  
  44  4:13  Photon Cannon  
  44  4:19  Photon Cannon  
  44  4:25  Protoss Ground Weapons Level 1, Protoss Ground Armor Level 1  
  44  4:29  Pylon  
  44  4:31  Probe  
  44  4:32  Probe  
  44  4:34  Pylon  
  46  4:39  Probe  
  48  4:45  Probe  
  48  4:49  Probe  
  48  4:50  Photon Cannon  
  49  4:56  Photon Cannon  
  49  4:57  Probe  
  50  5:01  Photon Cannon  
  50  5:05  Stalker  
  52  5:09  Probe  
  53  5:15  Twilight Council  
  53  5:20  Photon Cannon  
  53  5:24  Photon Cannon  
  53  5:25  Stalker  
  55  5:29  Stalker  
  57  5:39  Gateway  
  57  5:41  Gateway  
  57  5:44  Gateway  
  57  5:52  Blink  
  57  5:56  Stalker  
  59  5:57  Stalker  
  61  6:12  Nexus  
  61  6:16  Pylon  
  61  6:19  Assimilator  
  61  6:24  Assimilator  
  61  6:26  Stalker  
  61  6:28  Stalker  
  65  6:35  Photon Cannon  
  65  6:39  Photon Cannon  
  65  6:43  Probe  
  65  6:47  Probe  
  67  6:54  Protoss Ground Weapons Level 2  
  67  6:55  Probe  
  67  6:56  Zealot x2  
  67  6:59  Probe  
  67  7:00  Zealot  
  75  7:03  Zealot  
  75  7:04  Protoss Ground Armor Level 2  
  75  7:06  Zealot  
  75  7:07  Probe  
  80  7:11  Probe  
  81  7:43  Charge  
  81  7:44  Probe  
  81  7:46  Probe  
  83  7:52  Probe  
  83  7:54  Probe  
  85  7:59  Probe  
  85  8:01  Probe  
  85  8:03  Probe  
  85  8:04  Robotics Facility  
  87  8:07  Robotics Facility  
  87  8:09  Templar Archives  
  87  8:11  Probe  
  89  8:13  Probe  
  89  8:16  Probe  
  91  8:23  Probe  
  91  8:25  Nexus, Probe  
  91  8:26  Pylon  
  93  8:28  Probe  
  94  8:35  Probe  
  95  8:47  Probe  
  96  8:56  Observer x2  
  96  8:59  Photon Cannon  
  98  9:04  Photon Cannon  
  98  9:06  Assimilator  
  98  9:11  Assimilator  
  98  9:26  Probe  
  99  9:34  Protoss Ground Weapons Level 3  
  99  9:35  Nexus, Protoss Ground Armor Level 3  
  99  9:37  Pylon  
  99  9:38  Probe  
  100  9:50  Probe  
  100  9:52  Adept x4  
  109  9:53  Adept  
  109  9:55  Resonating Glaives  
  111  10:02  Probe  
  111  10:06  Pylon  
  112  10:09  Probe  
  113  10:14  Probe  
  113  10:21  Probe  
  115  10:26  Probe  
  116  10:33  Probe  
  117  10:36  Gateway  
  117  10:37  Gateway  
  117  10:38  Probe  
  117  10:41  Gateway  
  118  10:45  Probe  
  119  10:50  Probe, Warp Prism x2  
  112  10:57  Probe  
  112  11:02  Zealot x3  
  112  11:03  Zealot x2  
  123  11:28  High Templar  
  123  11:29  High Templar x4  
  128  11:38  Archon x2  
  126  11:40  High Templar  
  126  11:41  High Templar x2  
  126  11:46  Archon  
  132  11:54  Archon  
  110  12:12  Immortal x2  
  118  12:16  Stalker  
  118  12:17  Stalker x3  
  118  12:18  Stalker x4  
  118  12:19  Protoss Shields Level 1  
  132  12:52  Immortal x2  
  140  13:00  High Templar x4  
  140  13:01  High Templar x3  
  154  13:12  Pylon  
  154  13:14  Pylon, Probe  
  154  13:16  Pylon  
  154  13:18  Pylon  
  155  13:20  Archon x3  
  155  13:22  Pylon  
  155  13:23  Pylon  
  155  13:25  Pylon  
  155  13:30  Probe x2  
  155  13:31  Immortal  
  155  13:32  Immortal  
  165  13:35  High Templar  
  167  13:43  Probe x2  
  167  13:45  Pylon, Archon  
  167  13:47  Pylon  
  169  13:48  Pylon  
  169  13:50  Pylon  
  169  13:52  Pylon  
  169  13:53  Pylon  
  169  13:55  Zealot, Probe x2  
  171  13:56  Zealot x5  
  171  13:57  Zealot  
  185  14:07  Probe x2  
  187  14:19  Probe  
Show
View Real Time Build Order
Export as new Build Order

klasman Protoss 

Build Orders: 1 Gate Expand, Double Forge, Chargelot Immortal 

Get SALT Encoding   

  12  0:01  Probe  
  13  0:13  Probe  
  14  0:20  Pylon  
  14  0:25  Probe  
  15  0:38  Probe  
  16  0:45  Gateway  
  16  0:47  Assimilator  
  16  0:50  Probe  
  17  1:15  Probe  
  18  1:28  Nexus  
  18  1:41  Probe  
  18  1:46  Assimilator  
  19  1:50  Zealot  
  19  1:54  Probe  
  22  1:58  Cybernetics Core  
  22  2:06  Probe  
  23  2:18  Gateway  
  23  2:33  Pylon  
  23  2:40  Twilight Council, Probe  
  24  2:45  Gateway, Warp Gate  
  24  2:54  Gateway  
  24  2:57  Probe  
  25  3:01  Probe  
  26  3:09  Probe  
  26  3:10  Charge  
  27  3:13  Probe  
  28  3:22  Probe  
  28  3:26  Probe  
  30  3:34  Probe  
  30  3:38  Probe  
  30  3:41  Templar Archives  
  32  3:47  Probe  
  33  3:50  Probe  
  33  3:52  Sentry  
  36  3:59  Probe  
  36  4:02  Forge, Probe  
  38  4:08  Forge  
  38  4:11  Probe  
  38  4:14  Probe  
  38  4:15  Psionic Storm  
  40  4:22  Protoss Ground Weapons Level 1  
  40  4:23  Probe  
  41  4:27  Probe  
  42  4:33  Assimilator  
  42  4:36  Probe  
  42  4:37  Pylon  
  43  4:39  Probe  
  43  4:41  Assimilator  
  44  4:48  Probe  
  44  4:51  Probe  
  46  4:59  Pylon  
  46  5:00  Probe  
  47  5:07  Probe  
  47  5:11  Protoss Ground Armor Level 1  
  47  5:12  High Templar  
  47  5:13  Zealot x2  
  54  5:19  Gateway  
  54  5:20  Nexus  
  54  5:23  Pylon  
  54  5:30  Pylon  
  54  5:33  High Templar  
  56  5:35  Zealot  
  56  5:36  Zealot  
  60  5:47  Gateway  
  60  5:48  Robotics Facility  
  60  5:51  Zealot  
  62  5:57  High Templar  
  62  5:59  Zealot  
  62  6:00  Probe  
  62  6:03  Probe  
  68  6:11  High Templar  
  68  6:12  Zealot  
  68  6:13  Zealot, Probe  
  75  6:18  Pylon  
  75  6:20  Zealot  
  75  6:23  Protoss Ground Weapons Level 2  
  77  6:32  High Templar  
  79  6:33  Zealot x2  
  79  6:34  Probe  
  79  6:35  Probe  
  79  6:37  Assimilator  
  85  6:41  Assimilator  
  85  6:52  High Templar, Zealot  
  85  6:53  Zealot  
  91  7:00  Zealot x2  
  95  7:03  Protoss Ground Armor Level 2  
  95  7:05  High Templar  
  95  7:27  High Templar  
  95  7:28  Zealot x2  
  101  7:35  Pylon x2  
  101  7:37  Pylon  
  101  7:44  Gateway  
  101  7:48  Gateway  
  101  7:49  Gateway  
  101  7:51  Pylon  
  101  7:53  Immortal  
  101  7:56  Pylon  
  105  7:59  Probe x3  
  105  8:00  Pylon  
  108  8:08  Gateway  
  108  8:11  Probe  
  109  8:13  Gateway  
  109  8:16  Gateway  
  109  8:18  High Templar  
  109  8:19  High Templar x2, Zealot x3  
  121  8:32  Immortal  
  121  8:34  Protoss Ground Weapons Level 3  
  125  8:37  Probe x2  
  125  8:38  Probe  
  128  8:44  Robotics Facility  
  128  8:49  Probe  
  128  8:50  Probe x2  
  131  8:59  Stalker x2  
  131  9:00  Stalker, Zealot x2  
  141  9:02  High Templar  
  141  9:03  High Templar  
  145  9:11  Immortal  
  149  9:21  Pylon  
  149  9:24  Pylon  
  149  9:39  Probe x2  
  146  9:50  Immortal x2  
  146  9:51  Probe x2  
  139  9:57  Protoss Ground Armor Level 3  
  147  10:03  High Templar  
  149  10:09  Pylon  
  149  10:11  Pylon  
  149  10:20  Nexus  
  149  10:29  Observer, Immortal  
  105  11:37  Stalker  
  105  11:38  Stalker x7  
  105  11:39  Stalker x3  
  127  11:40  Zealot  
  127  11:43  Immortal  
  133  11:52  Archon  
  133  11:53  Archon  
  81  12:19  Probe x2  
  81  12:20  Probe  
  84  12:23  High Templar x5  
  84  12:27  Zealot x2  
  84  12:28  Zealot x5  
  108  12:32  Probe  
  109  12:41  Immortal x2  
  101  12:58  Blink, Stalker x3  
  101  12:59  Stalker, Zealot x2  
  113  13:16  Zealot  
  113  13:17  Zealot x4  
  111  14:01  Archon  
  95  14:08  Stalker x2  
  95  14:09  Stalker x4  
  101  14:10  High Templar x2  
  101  14:16  Zealot x4  
  91  14:19  Archon  
Show
View Real Time Build Order
Export as new Build Order

patron Protoss 

Build Orders:  

Get SALT Encoding   

  12  0:02  Probe  
  13  0:18  Pylon  
  13  0:29  Probe  
  14  0:38  Gateway, Probe  
  15  0:46  Probe  
  16  1:51  Cybernetics Core  
  16  2:00  Nexus  
  16  2:02  Zealot, Probe  
  16  2:14  Probe  
  19  2:26  Probe  
  19  2:27  Shield Battery  
  20  2:32  Zealot  
  20  2:33  Shield Battery  
  20  2:38  Probe  
  23  2:47  Assimilator  
  23  2:49  Assimilator  
  23  3:12  Probe  
  24  3:24  Probe  
  24  3:26  Warp Gate  
  25  3:30  Probe  
  26  3:36  Probe  
  26  3:38  Probe  
  27  3:42  Stalker  
  27  3:45  Probe  
  27  3:48  Probe  
  30  3:53  Probe  
  32  3:57  Pylon  
  33  4:03  Probe  
  33  4:05  Probe  
  35  4:15  Gateway, Probe  
  36  4:17  Probe  
  36  4:18  Gateway  
  36  4:20  Gateway  
  37  4:27  Probe  
  38  4:33  Pylon  
  38  4:37  Stalker  
  40  4:39  Probe  
  40  4:40  Probe  
  42  4:51  Probe  
  42  4:52  Probe  
  44  4:58  Robotics Facility  
  44  5:00  Robotics Facility  
  44  5:04  Probe  
  45  5:15  Assimilator  
  45  5:16  Probe  
  45  5:18  Assimilator  
  45  5:20  Pylon  
  46  5:28  Probe  
  46  5:31  Stalker  
  46  5:32  Stalker x2  
  53  5:42  Pylon  
  53  5:43  Pylon  
  53  5:45  Pylon  
  53  5:51  Pylon  
  53  5:53  Gateway  
  53  5:54  Gateway x2  
  53  5:59  Twilight Council  
  53  6:00  Gateway  
  53  6:02  Forge, Gateway  
  53  6:07  Pylon  
  53  6:13  Pylon  
  53  6:14  Stalker  
  53  6:18  Stalker  
  57  6:19  Probe  
  57  6:23  Probe  
  58  6:27  Probe  
  58  6:31  Probe  
  60  6:36  Probe  
  62  6:41  Charge  
  62  6:45  Dark Shrine  
  62  6:52  Forge  
  54  7:25  Protoss Ground Weapons Level 1  
  54  7:26  Protoss Ground Armor Level 1  
  54  7:36  Nexus  
  54  8:07  Dark Templar x3  
  54  8:08  Dark Templar x2  
  54  8:09  Dark Templar  
  56  9:08  Stalker  
  56  9:09  Stalker x3  
  62  9:10  Stalker x4  
  62  9:11  Stalker  
  62  9:14  Immortal  
  76  9:33  Probe  
  77  9:41  Probe  
  77  9:43  Nexus  
  77  9:51  Probe  
  79  10:03  Probe  
  80  10:15  Probe  
  81  10:23  Dark Templar  
  81  10:25  Dark Templar  
  81  10:26  Dark Templar x2  
  81  10:27  Dark Templar x2  
  93  10:34  Archon x2  
  93  10:35  Archon  
  93  10:37  Zealot  
  93  10:38  Zealot x2  
  99  10:51  Probe, Immortal  
  102  11:00  Probe  
  101  11:09  Probe  
  82  11:21  Probe  
  57  11:33  Probe  
  56  11:45  Zealot x4, Probe  
  56  11:46  Zealot x4  
  73  11:47  Zealot  
  73  11:50  Observer  
  72  12:36  Zealot  
  72  12:37  Zealot  
  72  12:38  Zealot x4  
  72  12:39  Zealot x3  
  88  12:55  Probe  
  89  13:03  Assimilator, Probe  
  89  13:08  Assimilator  
  89  13:12  Probe  
  90  13:13  Gateway  
  90  13:17  Gateway  
  91  13:24  Gateway, Probe  
  91  13:26  Gateway  
  92  13:29  Gateway  
  92  13:34  Gateway  
  92  13:36  Probe  
  56  14:08  Observer  
  53  14:13  Robotics Bay  
  53  14:17  Robotics Facility  
  53  14:19  Robotics Facility  
  53  14:29  Stalker  
  53  14:30  Stalker x4  
  53  14:31  Stalker x3  
  65  14:32  Stalker  
  65  14:33  Stalker x2  
  65  14:34  Stalker x2  
  65  14:36  Stalker x2  
Tags
 
Add a new tag
Caveats
  • Supply blocks, unpowered buildings, or Contaminate may cause inaccurate times.
  • Supply counts are checked every 10 seconds.